 Dungeon Crawl Stone Soup version 0.30.0-29-ga12c61a403 (webtiles) character file.

Game seed: 8898671727698517815

58 Fodor the Trooper (level 3, -1/33 HPs)
             Began as a Minotaur Fighter on June 11, 2023.
             Slain by a gnoll
             ... wielding a +4 whip
              (9 damage)
             ... on level 2 of the Dungeon.
             The game lasted 00:04:57 (930 turns).

Fodor the Trooper (Minotaur Fighter)                 Turns: 930, Time: 00:04:57

Health: -1/33      AC: 10    Str: 20    XL:     3   Next: 76%
Magic:  2/2        EV:  7    Int:  5    God:
Gold:   111        SH:  4    Dex: 11    Spells: 2/2 levels left

rFire   + . .        i - +1 demon whip (drain)
rCold   + . .        c - +0 buckler
rNeg    . . .        e - +0 chain mail
rPois   .            (helmet restricted)
rElec   .            k - scarf {rC+ rF+}
rCorr   .            (no gloves)
SInv    .            l - +0 pair of boots
Will    .....        (no amulet) Stlth
                     (no ring)
HPRegen 0.25/turn    (no ring)
MPRegen 0.08/turn

%: no passive effects
@: no status effects
A: horns 2, retaliatory headbutt
a: no special abilities


You were on level 2 of the Dungeon.
You visited 1 branch of the dungeon, and saw 2 of its levels.

You collected 111 gold pieces.

Inventory:

Hand Weapons
 a - a +0 long sword
 i - a +1 demon whip of draining (weapon)
Missiles
 g - 9 stones (quivered)
Armour
 c - a +0 buckler (worn)
 e - a +0 chain mail (worn)
 k - a scarf of resistance (worn)
 l - a +0 pair of boots (worn)
Scrolls
 f - a scroll of poison {unknown}
 j - a scroll of teleportation {unknown}
Potions
 b - 2 potions of brilliance {unknown}
 d - a potion of might
 h - 2 potions of curing {unknown}


   Skills:
 + Level 4.2 Fighting
 + Level 3.0 Long Blades
 + Level 1.4 Maces & Flails
 + Level 4.1 Armour
 + Level 4.1 Shields


You had 2 spell levels left.
You didn't know any spells.
Your spell library was empty.

Dungeon Overview and Level Annotations

Branches:
Dungeon (2/15)

Altars:

Shops:
D:1 !


Innate Abilities, Weirdness & Mutations

You have a pair of horns on your head.
You reflexively headbutt those who attack you in melee.


Message History

The gnoll hits you from afar with a +0 spear.
The gnoll hits you but does no damage.
You see here a +0 club.
You closely miss the gnoll. The gnoll hits you but does no damage.
The gnoll shouts!
You whack the gnoll! You drain the gnoll.
You kill the gnoll!
You hear a shout! x2
Your Long Blades skill increases to level 3!
A gnoll comes into view. It is wielding a +4 whip.
The gnoll shouts!
You hear a shout!
A gnoll comes into view. It is wielding a +0 spear.
Things that are here:
a +0 spear; 2 scrolls labelled SUOSIL GETSI You barely miss the gnoll.
The gnoll hits you but does no damage. The gnoll barely misses you.
You furiously retaliate!
You headbutt the gnoll. The gnoll hits you but does no damage.
You whack the gnoll! You drain the gnoll.
You kill the gnoll!
The gnoll hits you from afar with a +0 spear.
The gnoll hits you but does no damage.
The gnoll hits you from afar with a +0 spear.
You block the gnoll's attack.
A rat comes into view.
Things that are here:
a +0 club; a gnoll corpse You hit the gnoll.
You headbutt the gnoll, but do no damage.
The gnoll is moderately wounded.
The gnoll hits you from afar with a +0 spear.
The gnoll hits you with a +0 spear. The gnoll barely misses you.
You hit the gnoll. You drain the gnoll.
The gnoll is severely wounded.
The gnoll hits you but does no damage. The gnoll hits you with a +4 whip.
* * * LOW HITPOINT WARNING * * *
The rat bites you but does no damage.
You hit the gnoll.
The gnoll is almost dead.
The gnoll hits you but does no damage. The gnoll hits you with a +4 whip!
You die...

#############
#........)g)#
#.#########@#######
#.# #...gr...... #.#
#.....######.
######.##.........
.................#.
#.########.##[..##.#
#.# # ##.# # #.# #.
#.# #.


You could see 2 gnolls and a rat.

Vanquished Creatures
  2 gnolls (D:2)
  4 ball pythons (D:1)
  4 bats
  2 endoplasms (D:1)
  3 giant cockroaches
  4 goblins
  3 hobgoblins
  2 jackals (D:1)
  4 quokkas
  A frilled lizard (D:1)
  2 kobolds (D:1)
  2 rats
33 creatures vanquished.

Notes
Turn   | Place    | Note
-------+----------+-------------------------------------------
     0 | D:1      | Fodor the Minotaur Fighter began the quest for the Orb.
     0 | D:1      | Reached XP level 1. HP: 19/19 MP: 0/0
   105 | D:1      | Reached XP level 2. HP: 27/27 MP: 1/1
   285 | D:1      | Found Upunnun's Distillery.
   541 | D:1      | Reached XP level 3. HP: 33/33 MP: 2/2
   734 | D:2      | Reached skill level 1 in Maces & Flails
   930 | D:2      | Slain by a gnoll

Illustrated notes

Levels and vault maps discovered:
D:1:      dpeg_arrival_lava_altar, layout_basic, serial_shops,
          nicolae_shop_advertising_works [nicolae_subvault_shop_adworks]
D:2:      layout_loops_ring, uniq_crazy_yiuf_cottage

Skill      XL: |  1  2  3 |
---------------+----------+-----
Fighting       | 4 |  4.2
Shields        | 4 |  4.1
Armour         | 4 |  4.1
Maces & Flails | 1 |  1.4
Long Blades    | 3 |  3.0

Action                     || total
---------------------------++-------
  Melee: Long sword        ||    12
         Demon whip        ||    47
         Headbutt          ||     3
 Armour: Chain mail        ||    38
         Scale mail        ||     1
  Dodge: Dodged            ||    25
  Block: Buckler           ||    18
